 Dungeon Crawl Stone Soup version 0.24.0-13-gcf9b319 (webtiles) character file.

Game seed: 9100753361841600581, levelgen mode: deterministic

193 Fortress the Skirmisher (level 5, -2/72 HPs)
             Began as a Minotaur Abyssal Knight on Jan 11, 2020.
             Was a Believer of Lugonu.
             Slain by an orc warrior
             ... wielding a +0 mace
              (5 damage)
             ... on level 4 of the Dungeon.
             The game lasted 00:09:32 (2495 turns).

Fortress the Skirmisher (Minotaur Abyssal Knight)   Turns: 2495, Time: 00:09:33

Health: -2/72      AC:  3    Str: 19 (22) XL:     5   Next: 43%
Magic:  5/5        EV: 11    Int:  6 (9)  God:    Lugonu [**....]
Gold:   130        SH:  0    Dex:  7 (10) Spells: 4/4 levels left

rFire    . . .     SeeInvis .   t - +1 great sword "Jeylusy" {drain, Stlth+} (curse)
rCold    . . .     Gourm    .   (shield currently unavailable)
rNeg     . . .     Faith    .   b - +0 leather armour
rPois    .         Spirit   .   (helmet restricted)
rElec    .         Reflect  .   (no cloak)
rCorr    .         Harm     .   (no gloves)
MR       .....                  (no boots)
Stlth    ..........             (no amulet)
HPRegen  0.22/turn              (no ring)
MPRegen  0.09/turn              (no ring)

@: berserking, very quick
A: retaliatory headbutt, horns 2
a: Depart the Abyss, Bend Space, Renounce Religion


You were on level 4 of the Dungeon.
You worshipped Lugonu.
Lugonu was pleased with you.
You were not hungry.

You visited 1 branch of the dungeon, and saw 4 of its levels.
You visited the Abyss 1 time.

You collected 130 gold pieces.

Inventory:

Hand Weapons
 a - a +1 falchion
 n - a +1 vampiric whip
 t - the cursed +1 great sword "Jeylusy" (weapon) {drain, Stlth+}
   (You found it on level 4 of the Dungeon)

   A truly terrible weapon, it drains the life of those it strikes.
   It makes you more stealthy.
   It has a curse placed upon it.
Missiles
 d - 18 poisoned darts (quivered)
Armour
 b - a +0 leather armour (worn)
Scrolls
 f - a scroll of teleportation {unknown}
 g - 3 scrolls of identify {unknown}
 j - 2 scrolls of amnesia {unknown}
 p - a scroll of immolation {unknown}
 q - 2 scrolls of blinking {unknown}
 r - a scroll of enchant armour {unknown}
Potions
 e - a potion of haste {unknown}
 h - a potion of degeneration
 k - a potion of mutation {unknown}
 l - a potion of heal wounds {unknown}
 m - a potion of lignification {unknown}
 o - a potion of agility {unknown}
 s - a potion of curing {unknown}
Comestibles
 c - 9 rations
 u - 3 chunks of flesh


   Skills:
 + Level 5.2 Fighting
 + Level 4.3 Long Blades
 + Level 0.7 Maces & Flails
 + Level 3.4 Armour
 + Level 2.0 Dodging
 + Level 2.1 Invocations


You had 4 spell levels left.
You didn't know any spells.
Your spell library was empty.

Dungeon Overview and Level Annotations

Branches:
Dungeon (4/15)
 Temple: D:4-7

Altars:
Dithmenos
Uskayaw
The Shining One
Lugonu


Innate Abilities, Weirdness & Mutations

You reflexively headbutt those who attack you in melee.
You have a pair of horns on your head.


Message History

A puff of flame appears from out of thin air!
The puff of flame hits you!
* * * LOW HITPOINT WARNING * * *
The orc wizard hits you but does no damage.
The orc warrior hits you with a +0 mace!
* * * LOW HITPOINT WARNING * * *
It was a potion of degeneration.
There was something very wrong with that liquid.
You feel weakened.
You feel dopey.
You feel clumsy. Something hits you.
* * * LOW HITPOINT WARNING * * *
The orc wizard gestures wildly while chanting.
The orc wizard seems to speed up.
Okay, then.
It was a potion of berserk rage.
A red film seems to cover your vision as you go berserk!
You feel yourself moving faster!
You feel mighty! The orc wizard closely misses you.
The orc warrior hits you with a +0 mace.
You die...

.%..... .....%.
....... .. .......
.. ....... .
##....... ###
#oo...... #..
#@{...... #..
#........ #####..
##.##..######......
#..##..# #....##...
#......# ####.##...
#.###.#######.##...
##........)....##...
#...................
#.####.####.########


You could see an orc warrior and an orc wizard.

Vanquished Creatures
  A bullfrog zombie (D:2)
  A worker ant (D:4)
  5 adders
  2 oozes (D:2)
  2 dart slugs
  A worm (D:3)
  4 leopard geckos
  An orc (D:4)
  7 giant cockroaches
  10 goblins
  6 hobgoblins
  2 jackals (D:3)
  10 kobolds
  8 bats
  3 frilled lizards
  15 rats
78 creatures vanquished.

Notes
Turn   | Place    | Note
-------+----------+-------------------------------------------
     0 | Abyss:1  | Fortress the Minotaur Abyssal Knight began the quest for
                  | the Orb.
     0 | Abyss:1  | Reached XP level 1. HP: 19/19 MP: 1/1
     0 | D:1      | Escaped the Abyss
     8 | D:1      | Reached skill level 4 in Fighting
    11 | D:1      | Reached * piety under Lugonu
   303 | D:1      | Reached XP level 2. HP: 26/27 MP: 2/2
   575 | D:1      | Reached XP level 3. HP: 25/34 MP: 3/3
   695 | D:1      | You fall into a shaft and drop 1 floor!
   862 | D:2      | Found a hide-covered altar of Uskayaw.
  1340 | D:2      | Reached XP level 4. HP: 41/41 MP: 4/4
  1438 | D:2      | Reached ** piety under Lugonu
  1511 | D:2      | Reached skill level 5 in Fighting
  1718 | D:2      | Found a shadowy altar of Dithmenos.
  1849 | D:3      | Found a glowing golden altar of the Shining One.
  1859 | D:3      | Reached XP level 5. HP: 40/48 MP: 5/5
  2437 | D:4      | Got an ancient great sword
  2438 | D:4      | Identified the cursed +1 great sword "Jeylusy" {drain,
                  | Stlth+} (You found it on level 4 of the Dungeon)
  2487 | D:4      | Noticed an orc warrior
  2494 | D:4      | HP: 2/48 [something (3)]
  2495 | D:4      | Slain by an orc warrior

Levels and vault maps discovered:
D:1:      wander_arrival_lonely_grave, layout_rooms, minmay_tiny_reverse_x
D:2:      layout_loops_ring, lemuel_doored_altar, lemuel_crystal_altar
D:3:      layout_basic, old_standard_altar
D:4:      layout_basic, grunt_ministairs_14

Skill      XL: |  1  2  3  4  5 |
---------------+----------------+-----
Fighting       | 4 5 |  5.2
Invocations    | 2 |  2.1
Long Blades    | 3 4 |  4.3
Armour         | 3 |  3.4
Dodging        | 2 |  2.0
Maces & Flails | |  0.7

Action                   |  1- 3 |  4- 6 || total
-------------------------+-------+-------++-------
Melee: Falchion          |    64 |    38 ||   102
       Headbutt          |    10 |    14 ||    24
       Whip              |       |    43 ||    43
       Great sword       |       |     8 ||     8
Invok: Depart the Abyss  |     1 |       ||     1
  Use: Potion            |       |     2 ||     2
  Eat: Chunk             |     1 |     4 ||     5
Armor: Leather armour    |    22 |    13 ||    35
Dodge: Dodged            |    60 |    63 ||   123
       Rpst.: Falchion   |    18 |     3 ||    21
       Great sword       |       |     4 ||     4
